 Dungeon Crawl Stone Soup version 0.31-a0-1074-g0b22e4e0f1 (webtiles) character file.

Game seed: 13478562031904227628

1534 BigPumpCobain the Basher (level 8, -3/71 HPs)
             Began as a Minotaur Fighter on Dec 7, 2023.
             Slain by a gnoll sergeant
             ... wielding a +5 trident of venom
              (7 damage)
             ... on level 6 of the Dungeon.
             The game lasted 00:10:03 (4996 turns).

BigPumpCobain the Basher (Minotaur Fighter)         Turns: 4996, Time: 00:10:04

Health: -3/71      AC: 11    Str: 22    XL:     8   Next: 55%
Magic:  0/7        EV:  9    Int:  5    God:
Gold:   287        SH:  5    Dex: 11    Spells: 7/7 levels left

rFire   + + .        a - +2 flail
rCold   . . .        c - +0 buckler
rNeg    . . .        y - +1 scale mail {rF+}
rPois   .            (helmet restricted)
rElec   .            (no cloak)
rCorr   .            r - +0 pair of gloves {hurl}
SInv    .            l - +0 pair of boots {Stlth+}
Will    .....        w - amulet of guardian spirit
Stlth   +            v - ring of protection from fire
HPRegen 0.31/turn    (no ring)
MPRegen 0.10/turn

%: guardian spirit
@: lethally poisoned (-3 -> -31)
A: horns 2, retaliatory headbutt
a: no special abilities


You were on level 6 of the Dungeon.
You visited 1 branch of the dungeon, and saw 6 of its levels.

You collected 287 gold pieces.

Inventory:

Hand Weapons
 a - a +2 flail (weapon)
Armour
 c - a +0 buckler (worn)
 l - a +0 pair of boots of stealth (worn)
 r - a +0 pair of gloves of hurling (worn)
 y - a +1 scale mail of fire resistance (worn)
Jewellery
 k - an amulet of faith
 p - a ring of fire
 s - a +4 ring of protection
 t - a ring of wizardry
 v - a ring of protection from fire (left hand)
 w - an amulet of guardian spirit (around neck)
Wands
 B - a wand of flame (13)
Scrolls
 g - 2 scrolls of noise
 i - 3 scrolls of teleportation
 j - 4 scrolls of blinking
 q - 2 scrolls of vulnerability
 x - a scroll of fear
 A - a scroll of amnesia
Potions
 d - 2 potions of might
 e - 2 potions of lignification {unknown}
 f - 4 potions of heal wounds {unknown}
 h - a potion of degeneration {unknown}
 m - a potion of cancellation {unknown}
 n - 2 potions of curing {unknown}
 o - a potion of mutation {unknown}
 z - a potion of attraction {unknown}


   Skills:
 + Level 6.8 Fighting
 * Level 8.5 Maces & Flails
 + Level 6.7 Armour
 + Level 6.8 Shields


You had 7 spell levels left.
You didn't know any spells.
Your spell library contained the following spells:

 Spells                   Type           Power      Damage    Failure   Level
 Apportation              Tloc           0%         N/A       83%         1
 Jinxbite                 Hex            0%         N/A       92%         2
 Poisonous Vapours        Pois/Air       0%         N/A       92%         2
 Sublimation of Blood     Necr           0%         N/A       92%         2
 Wereblood                Tmut           0%         N/A       92%         2
 Mephitic Cloud           Conj/Pois/Air  0%         N/A       99%         3
 Alistair's Intoxication  Tmut/Pois      0%         N/A       100%        5
 Freezing Cloud           Conj/Ice/Air   0%         6-21      100%        5
 Summon Hydra             Summ           0%         N/A       100%        7


Dungeon Overview and Level Annotations

Branches:
Dungeon (6/15)
 Temple: D:4-7

Altars:
The Shining One

Shops:
D:5 (


Innate Abilities, Weirdness & Mutations

You have a pair of horns on your head.
You reflexively headbutt those who attack you in melee.


Message History

You kill the gnoll!
The gnoll sergeant hits you but does no damage.
You are poisoned.
The gnoll hits you from afar with a +0 halberd.
You hit the gnoll. Your headbutt misses the gnoll.
The gnoll is lightly wounded.
You feel very sick.
A hound comes into view.
The gnoll sergeant hits you but does no damage.
You are more poisoned.
You block the gnoll's attack. The gnoll hits you with a +0 whip.
You feel very sick.
You sock the gnoll!
The gnoll is almost dead.
You feel very sick. The gnoll hits you but does no damage.
The gnoll closely misses you.
The gnoll sergeant hits you but does no damage.
You sock the gnoll!
You kill the gnoll!
You feel sick.
The gnoll hits you from afar with a +0 halberd.
The gnoll sergeant hits you from afar with a +5 trident of venom!
You are lethally poisoned!
You swing at nothing.
You feel extremely sick.
The gnoll sergeant hits you from afar with a +5 trident of venom.
The gnoll hits you but does no damage.
You swing at nothing.
* * * LOW HITPOINT WARNING * * *
You feel extremely sick. The gnoll barely misses you.
The gnoll sergeant hits you from afar with a +5 trident of venom!
* * * LOW HITPOINT WARNING * * *
You are more poisoned.
Found an escape hatch in the ceiling.
* * * LOW HITPOINT WARNING * * *
You feel extremely sick.
The gnoll sergeant attacks as it pursues you!
The gnoll sergeant hits you from afar with a +5 trident of venom!
You die...

### ..# #.# #.#
#.####### #.# #..<...#
#.# #.#####@##### #.###
#.......$...#####...##
#.#####g###........#.##
#g.)######.#..##.##
#.....####.##..###.#
............ ....##.#
h##.....####.####.##.#
.. ##...## ##. #.#.## #
##.## #.##.>##


You could see a gnoll sergeant and a gnoll.

Vanquished Creatures
  Grinder (D:4)
  Sigmund (D:4)
  A steam dragon (D:4)
  4 black bears
  An ogre (D:4)
  Blork the orc (D:4)
  3 scorpions
  3 hounds
  3 iguanas (D:5)
  An orc wizard (D:5)
  Robin (D:4)
  2 gnolls (D:6)
  5 adders
  3 dart slugs
  12 orcs
  9 bats
  4 endoplasms
  3 giant cockroaches
  14 goblins
  9 hobgoblins
  3 jackals (D:5)
  4 quokkas
  9 ball pythons
  5 frilled lizards
  4 kobolds
  5 rats
111 creatures vanquished.

Notes
Turn   | Place    | Note
-------+----------+-------------------------------------------
     0 | D:1      | BigPumpCobain the Minotaur Fighter began the quest for the
                  | Orb.
     0 | D:1      | Reached XP level 1. HP: 19/19 MP: 0/0
   171 | D:1      | Reached XP level 2. HP: 27/27 MP: 1/1
   304 | D:1      | Reached skill level 3 in Maces & Flails
   691 | D:1      | Reached XP level 3. HP: 33/33 MP: 2/2
   814 | D:1      | Found a faded altar of an unknown god.
  2189 | D:3      | Found a glowing golden altar of the Shining One.
  2432 | D:4      | Reached XP level 4. HP: 40/40 MP: 3/3
  2443 | D:4      | Noticed Blork the orc
  2450 | D:4      | Killed Blork the orc
  2451 | D:4      | Reached skill level 4 in Maces & Flails
  2451 | D:4      | Reached XP level 5. HP: 34/47 MP: 4/4
  2525 | D:4      | Noticed an ogre
  2537 | D:4      | Killed an ogre
  2538 | D:4      | Reached skill level 5 in Maces & Flails
  2701 | D:4      | Reached XP level 6. HP: 55/55 MP: 5/5
  2762 | D:4      | Noticed Sigmund
  2771 | D:4      | Reached skill level 5 in Fighting
  2771 | D:4      | Reached skill level 5 in Shields
  2776 | D:4      | Killed Sigmund
  2777 | D:4      | Reached skill level 6 in Maces & Flails
  2777 | D:4      | Reached skill level 5 in Armour
  3000 | D:4      | Noticed a steam dragon
  3009 | D:4      | Killed a steam dragon
  3010 | D:4      | Reached XP level 7. HP: 10/61 MP: 6/6
  3264 | D:4      | Identified the +4 dagger of Hacking and Slashing {heavy,
                  | Fly rF- Int+4 Stlth+}
  3456 | D:4      | Noticed Grinder
  3472 | D:4      | Killed Grinder
  3473 | D:4      | Reached skill level 7 in Maces & Flails
  3517 | D:4      | Noticed Robin
  3534 | D:4      | Killed Robin
  3748 | D:5      | Entered Level 5 of the Dungeon
  3808 | D:5      | Reached XP level 8. HP: 70/70 MP: 7/7
  4265 | D:5      | Found Jisah's Hydra Hut.
  4267 | D:5      | Noticed a five-headed hydra
  4292 | D:5      | Reached skill level 8 in Maces & Flails
  4996 | D:6      | Slain by a gnoll sergeant

Illustrated notes

Levels and vault maps discovered:
D:1:      ncdulo_smallfort, layout_basic, ebering_ecumenical_altar_rust
D:2:      layout_basic
D:3:      layout_loops_cross, mainiacjoe_overflow_brackets, roderic_lattice_a
D:4:      layout_basic, nicolae_ossuary_entry_plus, supply_closet_lemuel,
          uniq_blork_the_orc, uniq_sigmund, uniq_robin, uniq_grinder
D:5:      layout_basic, dreamdust_princess_corridor, doesnt_shop_hydraphobe
D:6:      layout_loops_ring, minmay_temple_entry_ruins,
          cheibrodos_sewer_entry_bend

Skill      XL: |  1  2  3  4  5  6  7  8 |
---------------+-------------------------+-----
Maces & Flails | 3 4 5 6 7 8 |  8.5
Armour         | 4 5 6 |  6.7
Fighting       | 4 5 6 |  6.8
Shields        | 4 5 6 |  6.8

Action                     |  1- 3 |  4- 6 |  7- 9 || total
---------------------------+-------+-------+-------++-------
  Melee: Flail             |   108 |    38 |   121 ||   267
         Headbutt          |    12 |     8 |    18 ||    38
    Use: Scroll            |     7 |       |     3 ||    10
 Armour: Scale mail        |    62 |    35 |   109 ||   206
  Dodge: Dodged            |    47 |    15 |    61 ||   123
  Block: Buckler           |    25 |    11 |    34 ||    70

Table legend: (Time is in decaauts)
 A = Elapsed time spent in this place.
 B = Non-inter-level travel time spent in this place.
 C = Inter-level travel time spent in this place.
 D = Time resting spent in this place.
 E = Time spent auto-exploring this place.
 F = Levels seen in this place.
 G = Mean time per level.
                   A        B        C        D        E       F      G
               +--------+--------+--------+--------+--------+-----+--------+
         Total |   5036 |   4819 |    217 |    159 |   3939 |   6 |  839.3 |
       Dungeon |   5036 |   4819 |    217 |    159 |   3939 |   6 |  839.3 |
               +--------+--------+--------+--------+--------+-----+--------+

Top non-repeatable levels by time:
     D:4: 1336 daAuts
     D:5: 1032 daAuts
     D:1: 928 daAuts
     D:3: 873 daAuts
     D:2: 649 daAuts
     D:6: 218 daAuts
